Workbook

Sheet LIC MF Nifty 50 ETF
B1: Disclosure in line with paragraph 4.5.6 of SEBI Master Circular for Mutual Funds applicable to ETFs/ Index Funds
B3: Index Name: Nifty 50 index
B5: Scheme Name: LIC MF Nifty 50 ETF
B7: As on 31st Aug 2026
B10: Top 7 Stocks | C10: % of NAV
B11: HDFC Bank Ltd. | C11: 9.85
B12: ICICI Bank Ltd. | C12: 9.45
B13: Reliance Industries Ltd. | C13: 7.83
B14: Bharti Airtel Ltd. | C14: 5
B15: Larsen & Toubro Ltd. | C15: 4.29
B16: State Bank of India | C16: 3.98
B17: Infosys Ltd. | C17: 3.61
B18: Total | C18: =SUM(C11:C17) -> 44.01
B20: Top 7 Groups | C20: % of NAV
B21: HDFC Group | C21: 10.3751
B22: Govt of India | C22: 9.4989
B23: ICICI Group | C23: 9.4492
B24: Reliance Mukesh Ambani group | C24: 8.5516
B25: Tata Group | C25: 7.5613
B26: Bharti Group | C26: 4.9959
B27: L&T Group | C27: 4.2893
B28: Total | C28: =SUM(C21:C27) -> 54.7213
B30: Top 4 Sectors | C30: % of NAV
B31: Banks | C31: 29.4671
B32: IT - Software | C32: 8.4652
B33: Petroleum Products | C33: 7.8293
B34: Automobiles | C34: 7.0569
B35: Total | C35: =(SUM(C31:C34)) -> 52.8185

Sheet LIC MF Nifty 50 Index Fund
B1: ='LIC MF Nifty 50 ETF'!B1 -> Disclosure in line with paragraph 4.5.6 of SEBI Master Circular for Mutual Funds applicable to ETFs/ Index Funds
B3: Index Name: Nifty 50 index
B5: Scheme Name: LIC MF Nifty 50 Index Fund
B7: ='LIC MF Nifty 50 ETF'!$B$7 -> As on 31st Aug 2026
B11: Top 7 Stocks | C11: % of NAV
B12: HDFC Bank Ltd. | C12: 9.85
B13: ICICI Bank Ltd. | C13: 9.46
B14: Reliance Industries Ltd. | C14: 7.84
B15: Bharti Airtel Ltd. | C15: 5.01
B16: Larsen & Toubro Ltd. | C16: 4.3
B17: State Bank of India | C17: 3.98
B18: Infosys Ltd. | C18: 3.62
B19: Total | C19: =SUM(C12:C18) -> 44.06
B21: Top 7 Groups | C21: % of NAV
B22: HDFC Group | C22: 10.3737
B23: Govt of India | C23: 9.4979
B24: ICICI Group | C24: 9.4554
B25: Reliance Mukesh Ambani group | C25: 8.5564
B26: Tata Group | C26: 7.5517
B27: Bharti Group | C27: 5.0148
B28: L&T Group | C28: 4.3028
B29: Total | C29: =SUM(C22:C28) -> 54.7527
B31: Top 4 Sectors | C31: % of NAV
B32: Banks | C32: 29.4686
B33: IT - Software | C33: 8.504
B34: Petroleum Products | C34: 7.8443
B35: Automobiles | C35: 7.0357
B36: Total | C36: =SUM(C32:C35) -> 52.8526

Sheet LIC MF Nifty Next 50 Index Fund
B1: ='LIC MF Nifty 50 ETF'!B1 -> Disclosure in line with paragraph 4.5.6 of SEBI Master Circular for Mutual Funds applicable to ETFs/ Index Funds
B3: Index Name: Nifty Next 50 index
B5: Scheme Name: LIC MF Nifty Next 50 Index
B7: ='LIC MF Nifty 50 ETF'!B7 -> As on 31st Aug 2026
B10: Top 7 Stocks | C10: % of NAV
B11: Divi's Laboratories Ltd. | C11: 4.83
B12: TVS Motor Company Ltd. | C12: 4.08
B13: Tata Motors Ltd. | C13: 3.95
B14: Hindustan Aeronautics Ltd. | C14: 3.66
B15: Adani Power Ltd. | C15: 3.3
B16: Cholamandalam Investment & Fin Co Ltd. | C16: 3.22
B17: Samvardhana Motherson International Ltd. | C17: 3.03
B18: Total | C18: =SUM(C11:C17) -> 26.07
B20: Top 7 Groups | C20: % of NAV
B21: Govt of India | C21: 21.7927
B22: Tata Group | C22: 9.582
B23: Adani Group | C23: 7.7897
B24: Murugappa Group | C24: 5.7332
B25: Divi's Laboratories Group | C25: 4.8268
B26: TVS GROUP | C26: 4.0777
B27: Samvardhana Motherson | C27: 3.0272
B28: Total | C28: =SUM(C21:C27) -> 56.8293
B30: Top 4 Sectors | C30: % of NAV
B31: Finance | C31: 11.4858
B32: Power | C32: 9.0957
B33: Pharmaceuticals & Biotechnology | C33: 8.952
B34: Electrical Equipment | C34: 6.6949
B35: Total | C35: =(SUM(C31:C34)) -> 36.2284

Sheet LIC MF Nifty 100 ETF
B1: ='LIC MF Nifty 50 ETF'!B1 -> Disclosure in line with paragraph 4.5.6 of SEBI Master Circular for Mutual Funds applicable to ETFs/ Index Funds
B3: Index Name: Nifty 100 index
B5: Scheme Name: LIC MF Nifty 100 ETF
B7: ='LIC MF Nifty 50 ETF'!$B$7 -> As on 31st Aug 2026
B11: Top 7 Stocks | C11: % of NAV
B12: HDFC Bank Ltd. | C12: 8.01
B13: ICICI Bank Ltd. | C13: 7.68
B14: Reliance Industries Ltd. | C14: 6.36
B15: Bharti Airtel Ltd. | C15: 4.07
B16: Larsen & Toubro Ltd. | C16: 3.49
B17: State Bank of India | C17: 3.23
B18: Infosys Ltd. | C18: 2.94
B19: Total | C19: =SUM(C12:C18) -> 35.78
B21: Top 7 Groups | C21: % of NAV
B22: Govt of India | C22: 11.7105
B23: HDFC Group | C23: 8.8332
B24: Tata Group | C24: 7.9362
B25: ICICI Group | C25: 7.6793
B26: Reliance Mukesh Ambani group | C26: 6.9395
B27: Bharti Group | C27: 4.0654
B28: L&T Group | C28: 3.7965
B29: Total | C29: =SUM(C22:C28) -> 50.9606
B31: Top 4 Sectors | C31: % of NAV
B32: Banks | C32: 25.1336
B33: Petroleum Products | C33: 7.2218
B34: IT - Software | C34: 7.1955
B35: Finance | C35: 6.8034
B36: Total | C36: =SUM(C32:C35) -> 46.3543

Sheet LIC MF Nifty Midcap 100 ETF
B1: ='LIC MF Nifty 50 ETF'!B1 -> Disclosure in line with paragraph 4.5.6 of SEBI Master Circular for Mutual Funds applicable to ETFs/ Index Funds
B3: Index Name: Nifty Midcap 100 index
B5: Scheme Name: LIC MF Nifty Midcap 100 ETF
B7: ='LIC MF Nifty 50 ETF'!$B$7 -> As on 31st Aug 2026
B11: Top 7 Stocks | C11: % of NAV
B12: BSE Ltd. | C12: 3.83
B13: The Federal Bank Ltd. | C13: 2.51
B14: Multi Commodity Exchange Of India Ltd. | C14: 2.47
B15: Laurus Labs Ltd. | C15: 2.13
B16: One 97 Communications Ltd. | C16: 2.07
B17: Hero MotoCorp Ltd. | C17: 2.02
B18: Coforge Ltd. | C18: 1.97
B19: Total | C19: =SUM(C12:C18) -> 17
B21: Top 7 Groups | C21: % of NAV
B22: Govt of India | C22: 10.613
B23: BSE LIMITED GROUP | C23: 3.8274
B24: Hinduja Group | C24: 3.3483
B25: The Federal Bank Ltd | C25: 2.5094
B26: Multi Comm. Exc of india | C26: 2.4724
B27: Laurus Labs Group | C27: 2.1292
B28: Aditya Birla Group | C28: 2.0971
B29: Total | C29: =SUM(C22:C28) -> 26.9968
B31: Top 4 Sectors | C31: % of NAV
B32: Banks | C32: 10.3608
B33: Pharmaceuticals & Biotechnology | C33: 8.5819
B34: Capital Markets | C34: 8.489
B35: Electrical Equipment | C35: 7.3556
B36: Total | C36: =SUM(C32:C35) -> 34.7873

Sheet LIC MF BSE Sensex ETF
B1: ='LIC MF Nifty 50 ETF'!B1 -> Disclosure in line with paragraph 4.5.6 of SEBI Master Circular for Mutual Funds applicable to ETFs/ Index Funds
B3: Index Name: BSE Sensex
B5: Scheme Name: LIC MF BSE Sensex ETF
B7: ='LIC MF Nifty 50 ETF'!$B$7 -> As on 31st Aug 2026
B11: Top 7 Stocks | C11: % of NAV
B12: HDFC Bank Ltd. | C12: 11.88
B13: ICICI Bank Ltd. | C13: 11.44
B14: Reliance Industries Ltd. | C14: 9.57
B15: Bharti Airtel Ltd. | C15: 6.12
B16: Larsen & Toubro Ltd. | C16: 5.18
B17: State Bank of India | C17: 4.83
B18: Infosys Ltd. | C18: 4.29
B19: Total | C19: =SUM(C12:C18) -> 53.31
B21: Top 7 Groups | C21: % of NAV
B22: HDFC Group | C22: 11.8758
B23: ICICI Group | C23: 11.4356
B24: Reliance Mukesh Ambani group | C24: 9.5678
B25: Govt of India | C25: 9.4626
B26: Tata Group | C26: 7.6091
B27: Bharti Group | C27: 6.1211
B28: L&T Group | C28: 5.1804
B29: Total | C29: =SUM(C22:C28) -> 61.2524
B31: Top 4 Sectors | C31: % of NAV
B32: Banks | C32: 35.5124
B33: IT - Software | C33: 9.5843
B34: Petroleum Products | C34: 9.5678
B35: Telecom - Services | C35: 6.121
B36: Total | C36: =SUM(C32:C35) -> 60.7855

Sheet LIC MF BSE Sensex Index F
B1: ='LIC MF Nifty 50 ETF'!B1 -> Disclosure in line with paragraph 4.5.6 of SEBI Master Circular for Mutual Funds applicable to ETFs/ Index Funds
B3: Index Name: BSE Sensex
B5: Scheme Name: LIC MF BSE Sensex Index Fund
B7: ='LIC MF Nifty 50 ETF'!$B$7 -> As on 31st Aug 2026
B11: Top 7 Stocks | C11: % of NAV
B12: HDFC Bank Ltd. | C12: 11.86
B13: ICICI Bank Ltd. | C13: 11.51
B14: Reliance Industries Ltd. | C14: 9.5
B15: Bharti Airtel Ltd. | C15: 6.14
B16: Larsen & Toubro Ltd. | C16: 5.13
B17: State Bank of India | C17: 4.8
B18: Infosys Ltd. | C18: 4.28
B19: Total | C19: =SUM(C12:C18) -> 53.22
B21: Top 7 Groups | C21: % of NAV
B22: HDFC Group | C22: 11.8645
B23: ICICI Group | C23: 11.5113
B24: Reliance Mukesh Ambani group | C24: 9.5016
B25: Govt of India | C25: 9.4126
B26: Tata Group | C26: 7.5437
B27: Bharti Group | C27: 6.1414
B28: L&T Group | C28: 5.1346
B29: Total | C29: =SUM(C22:C28) -> 61.1097
B31: Top 4 Sectors | C31: % of NAV
B32: Banks | C32: 35.517
B33: Petroleum Products | C33: 9.5016
B34: IT - Software | C34: 9.4931
B35: Telecom - Services | C35: 6.1414
B36: Total | C36: =SUM(C32:C35) -> 60.6531

Sheet LIC MF Nifty 8-13 Year G-sec ET
B1: ='LIC MF Nifty 50 ETF'!B1 -> Disclosure in line with paragraph 4.5.6 of SEBI Master Circular for Mutual Funds applicable to ETFs/ Index Funds
B3: Index Name: Nifty 8-13 Year G-Sec Index
B5: Scheme Name: LIC MF Nifty 8-13 yr G-Sec ETF
B7: ='LIC MF Nifty 50 ETF'!$B$7 -> As on 31st Aug 2026
B11: Top 7 Stocks | C11: % of NAV
B12: Government Bond | C12: 99.94
B19: Total | C19: =SUM(C12:C18) -> 99.94
B21: Top 7 Groups | C21: % of NAV
B22: Other | C22: 99.9403
B29: Total | C29: =SUM(C22:C28) -> 99.9403
B31: Top 4 Sectors | C31: % of NAV
B32: Government of India | C32: 99.9401
B36: Total | C36: =SUM(C32:C35) -> 99.9401

Sheet LIC MF Gold ETF
B1: ='LIC MF Nifty 50 ETF'!B1 -> Disclosure in line with paragraph 4.5.6 of SEBI Master Circular for Mutual Funds applicable to ETFs/ Index Funds
B3: Index Name: Domestic Price of Gold
B5: Scheme Name: LIC MF Gold Exchange Traded Fund
B7: ='LIC MF Nifty 50 ETF'!$B$7 -> As on 31st Aug 2026
B11: Top 7 Stocks | C11: % of NAV
B12: Gold | C12: 98.22
B19: Total | C19: =SUM(C12:C18) -> 98.22
B21: Top 7 Groups | C21: % of NAV
B22: Other | C22: 98.2213
B29: Total | C29: =SUM(C22:C28) -> 98.2213
B31: Top 4 Sectors | C31: % of NAV
B32: MISCELLANEOUS | C32: 98.2212
B36: Total | C36: =SUM(C32:C35) -> 98.2212
